 Dungeon Crawl Stone Soup version 0.21-a0-414-gba8bdf1 (webtiles) character file.

518 sagitran the Chucker (level 7, -9/70 HPs)
             Began as an Ogre Hunter on Nov 2, 2017.
             Mangled by sagitran's ghost (26 damage)
             ... on level 4 of the Dungeon.
             The game lasted 00:12:44 (3542 turns).

sagitran the Chucker (Ogre Hunter)                  Turns: 3542, Time: 00:12:45

Health: -9/70      AC:  3    Str: 18    XL:     7   Next: 21%
Magic:  7/7        EV: 11    Int: 12    God:
Gold:   103        SH:  0    Dex: 10    Spells: 6/6 levels left

rFire    . . .     SeeInvis .   f - +0 spear (venom)
rCold    . . .     Gourm    .   (no shield)
rNeg     . . .     Faith    .   b - +0 robe
rPois    +         Spirit   .   (helmet restricted)
rElec    .         Reflect  .   (no cloak)
rCorr    .         Harm     .   (gloves unavailable)
MR       .....                  (boots unavailable)
Stlth    ++........             (no amulet)
HPRegen  0.21/turn              l - ring of poison resistance
MPRegen  0.10/turn              (no ring)

@: no status effects
A: unfitting armour, tough skin 1
a: no special abilities


You were on level 4 of the Dungeon.
You were not hungry.

You visited 1 branch of the dungeon, and saw 4 of its levels.

You collected 103 gold pieces.

Inventory:

Hand Weapons
 f - a +0 spear of venom (weapon)
 j - a +0 giant club
Missiles
 c - 3 large rocks (quivered)
 d - 2 throwing nets
 r - 6 tomahawks
 v - 8 javelins
Armour
 b - a +0 robe (worn)
Jewellery
 l - a ring of poison resistance (left hand)
Wands
 s - a wand of disintegration (9/24)
Scrolls
 e - a scroll of random uselessness {unknown}
 g - a scroll of identify
 i - a scroll of amnesia {unknown}
 k - 2 scrolls of magic mapping
 m - a scroll of teleportation {unknown}
 n - a scroll of immolation {unknown}
 o - a scroll of remove curse {unknown}
 p - a scroll of enchant weapon {unknown}
 t - a scroll of recharging {unknown}
 w - a scroll of enchant armour {unknown}
Potions
 q - a potion of heal wounds
 u - a potion of degeneration {unknown}
Comestibles
 a - 3 meat rations
 h - a fruit


   Skills:
 + Level 4.2 Fighting
   Level 0.2 Short Blades
 * Level 2.7 Maces & Flails
 + Level 3.0 Polearms
 + Level 4.7 Throwing
 + Level 3.4 Dodging
 + Level 2.2 Stealth


You had 6 spell levels left.
You didn't know any spells.

Dungeon Overview and Level Annotations

Branches:
Dungeon (4/15)
 Temple: D:4-7

Altars:

Annotations:
D:4 sagitran's ghost, novice OgHu


Innate Abilities, Weirdness & Mutations

You are too large for most types of armour.
You have tough skin. (AC +1)


Message History

Sagitran's ghost is lightly damaged.
Sagitran's ghost barely misses you.
Throwing (i - inventory. (,) - cycle):
c - 4 large rocks (quivered)
Press: ? - help, Shift-Dir - straight line, f/p - sagitran's ghost
Aim: sagitran's ghost (lightly damaged)
You throw a large rock. The large rock misses sagitran's ghost.
Sagitran's ghost hits you!!
* * * LOW HITPOINT WARNING * * *
Throwing (i - inventory. (,) - cycle):
c - 3 large rocks (quivered)
Press: ? - help, Shift-Dir - straight line, f/p - sagitran's ghost
Aim: sagitran's ghost (lightly damaged)
Okay, then.
You feel much better.
Sagitran's ghost says, "You will never get the ORB!"
Sagitran's ghost hits you! Sagitran's ghost hits you.
* * * LOW HITPOINT WARNING * * *
Sagitran's ghost whispers, "Soon you will have time, lots of time..."
Sagitran's ghost hits you!!
You die...

...#.......# ##...##......
...........###......##.....
##..........#....##...#.....
##..............## ##........
##..............# ##.......
##..............# ##........
##.....(.........# ##...>....#
#.............W..# ##...#....##
##..............@.####...##..###
#..................##...######
...................#...##
.................#....##
...............###...##
..............####..####
.......................##
................(.......#
######....##............##


You could see sagitran's ghost.

Vanquished Creatures
  Sigmund (D:2)
  An ogre (D:4)
  A scorpion (D:4)
  A hound (D:2)
  A bullfrog skeleton (D:4)
  Natasha (twice) (D:3)
  6 adders
  3 worms
  3 dart slugs
  2 leopard geckos
  3 orcs (D:3)
  2 giant cockroaches
  9 goblins
  3 hobgoblins
  2 jackals (D:3)
  5 ball pythons
  7 bats
  2 frilled lizards
  7 kobolds
  8 rats
69 creatures vanquished.

Notes
Turn   | Place    | Note
-------+----------+-------------------------------------------
     0 | D:1      | sagitran the Ogre Hunter began the quest for the Orb.
     0 | D:1      | Reached XP level 1. HP: 22/22 MP: 1/1
    47 | D:1      | Reached XP level 2. HP: 9/29 MP: 2/2
  1021 | D:2      | Reached XP level 3. HP: 21/36 MP: 3/3
  1207 | D:2      | Noticed Sigmund
  1227 | D:2      | Killed Sigmund
  1227 | D:2      | Reached skill level 1 in Polearms
  1227 | D:2      | Reached skill level 1 in Stealth
  1227 | D:2      | Reached XP level 4. HP: 16/46 MP: 4/4
  1227 | D:2      | Reached XP level 5. HP: 19/53 MP: 5/5
  1636 | D:2      | Reached XP level 6. HP: 54/62 MP: 6/6
  2281 | D:3      | Noticed Natasha
  2289 | D:3      | Killed Natasha
  2641 | D:3      | Noticed Natasha
  2650 | D:3      | Killed Natasha
  3023 | D:4      | Reached XP level 7. HP: 50/70 MP: 7/7
  3518 | D:4      | Noticed sagitran's ghost (novice OgHu)
  3542 | D:4      | Mangled by sagitran's ghost

Vault maps used:
D:1:      minmay_arrival_semitransparent
D:2:      uniq_sigmund
D:3:      corexii_shack_village, uniq_natasha
D:4:      first_bread

Skill      XL: |  1  2  3  4  5  6  7 |
---------------+----------------------+-----
Dodging        | 2 3 |  3.4
Fighting       | 3 4 |  4.2
Maces & Flails | 2 |  2.7
Polearms       | 1 2 3 |  3.0
Stealth        | 1 2 |  2.2
Short Blades   | |  0.2
Throwing       | |  4.7

Action                   |  1- 3 |  4- 6 |  7- 9 || total
-------------------------+-------+-------+-------++-------
Melee: Short sword       |    81 |       |       ||    81
       Spear             |    16 |   134 |    21 ||   171
Throw: Large rock        |     4 |     1 |     2 ||     7
  Use: Potion            |     1 |       |     1 ||     2
       Scroll            |       |       |     2 ||     2
 Stab: Sleeping          |     3 |     7 |       ||    10
  Eat: Bread ration      |     1 |       |       ||     1
       Chunk             |       |     2 |       ||     2
       Meat ration       |       |       |     1 ||     1
Armor: Robe              |    34 |    18 |       ||    52
Dodge: Dodged            |    58 |    64 |    12 ||   134

Table legend:
 A = Spawn XP
 B = Non-spawn XP
 C = Spawn XP percentage of total XP
 D = Spawn monster count
 E = Non-spawn monster count
 F = Spawn count percentage of total count
 G = Total turns spent on level
                    A         B        C        D         E        F      G
               +---------+---------+-------+---------+---------+-------+---------
         Total |       0 |     740 |   0.0 |       0 |      69 |   0.0 |  3542
               +---------+---------+-------+---------+---------+-------+---------
           D:1 |       0 |      28 |   0.0 |       0 |      18 |   0.0 |   979
           D:2 |       0 |     346 |   0.0 |       0 |      21 |   0.0 |  1124
           D:3 |       0 |     143 |   0.0 |       0 |      25 |   0.0 |   743
           D:4 |       0 |     223 |   0.0 |       0 |       5 |   0.0 |   696
               +---------+---------+-------+---------+---------+-------+---------
